 Dungeon Crawl Stone Soup version 0.28.0-45-g0d030f2227 (webtiles) character file.

Game seed: 12106533850892472398

9786 GloriousHammer the Brawler (level 11, 0/94 HPs)
             Began as a Troll Hunter on Apr 3, 2022.
             Was a High Priest of Okawaru.
             Slain by an unseen horror (6 damage)
             ... on level 10 of the Dungeon.
             The game lasted 00:24:40 (10475 turns).

GloriousHammer the Brawler (Troll Hunter)          Turns: 10475, Time: 00:24:41

Health: 0/94       AC:  8    Str: 22    XL:     11   Next: 27%
Magic:  10/10      EV: 10    Int:  7    God:    Okawaru [*****.]
Gold:   783        SH:  5    Dex: 14    Spells: 10/10 levels left

rFire   . . .      SeeInvis .   M - +0 battleaxe
rCold   + . .      Faith    .   (shield currently unavailable)
rNeg    . . .      Spirit   .   j - +0 acid dragon scales
rPois   .          Reflect  +   (helmet restricted)
rElec   .          Harm     .   (no cloak)
rCorr   +          Rampage  .   (gloves unavailable)
Will    +....                   (boots unavailable)
Stlth   +.........              i - amulet of reflection
HPRegen 1.05/turn               l - ring of willpower
MPRegen 0.12/turn               F - ring of protection from cold

@: no status effects
A: large, unfitting armour, claws 3, regeneration 1, shaggy fur 1, tough skin 1
a: Renounce Religion, Heroism, Finesse, Duel


You were on level 10 of the Dungeon.
You worshipped Okawaru.
Okawaru was extremely pleased with you.
You visited 2 branches of the dungeon, and saw 13 of its levels.
You also visited: Sewer and Ossuary.

You collected 783 gold pieces.

Inventory:

Hand Weapons
 a - a +0 hunting sling
 o - a +1 whip of freezing
 p - a +2 vorpal spear
 M - a +0 battleaxe (weapon)
Missiles
 c - 2 large rocks
 d - 4 throwing nets
 e - 283 stones
 C - 15 poisoned darts
 D - 5 curare-tipped darts
 E - 2 boomerangs (quivered)
 G - 2 atropa-tipped darts
Armour
 j - +0 acid dragon scales (worn)
Jewellery
 i - an amulet of reflection (around neck)
 l - a ring of willpower (left claw)
 F - a ring of protection from cold (right claw)
Wands
 b - a wand of acid (5)
 q - a wand of mindburst (7)
 t - a wand of flame (69)
Scrolls
 f - 3 scrolls of fear
 g - a scroll of magic mapping {unknown}
 k - 7 scrolls of teleportation
 n - 6 scrolls of enchant weapon
 s - 4 scrolls of fog
 x - 3 scrolls of immolation {unknown}
 y - a scroll of enchant armour {unknown}
 I - 2 scrolls of amnesia {unknown}
 J - a scroll of torment {unknown}
 K - 3 scrolls of blinking {unknown}
 L - a scroll of silence {unknown}
Potions
 h - 3 potions of flight
 m - a potion of resistance {unknown}
 r - 2 potions of heal wounds
 u - 2 potions of haste
 v - 3 potions of brilliance
 w - 5 potions of curing
 z - a potion of attraction {unknown}
 A - 2 potions of mutation {unknown}
 B - 3 potions of might {unknown}
 H - 2 potions of cancellation {unknown}


   Skills:
 + Level 2.4 Fighting
 - Level 7.3 Throwing
 + Level 1.5 Armour
 + Level 2.3 Dodging
 - Level 0.3 Stealth
 + Level 15.5 Unarmed Combat
 + Level 1.3 Evocations


You had 10 spell levels left.
You didn't know any spells.
Your spell library contained the following spells:

 Spells                   Type           Power      Damage    Failure   Level
 Freeze                   Ice            0%         1d3       52%         1
 Pain                     Necr           0%         1d4       52%         1
 Ensorcelled Hibernation  Hex/Ice        0%         N/A       65%         2
 Dazzling Flash           Conj/Hex       0%         N/A       87%         3
 Frozen Ramparts          Ice            0%         1d2       87%         3
 Gell's Gravitas          Tloc           0%         N/A       87%         3
 Lesser Beckoning         Tloc           0%         N/A       87%         3
 Ozocubu's Armour         Ice            0%         N/A       87%         3
 Spider Form              Tmut/Pois      0%         N/A       87%         3
 Teleport Other           Tloc           0%         N/A       87%         3
 Airstrike                Air            0%         N/A       99%         4
 Anguish                  Hex/Necr       0%         N/A       99%         4
 Hailstorm                Conj/Ice       0%         3d3       99%         4
 Iskenderun's Mystic Bla  Conj/Tloc      0%         2d3       99%         4
 Agony                    Necr           0%         N/A       100%        5
 Excruciating Wounds      Necr           0%         N/A       100%        5
 Fireball                 Conj/Fire      0%         3d3       100%        5
 Iskenderun's Battlesphe  Conj           0%         2d6       100%        5
 Lightning Bolt           Conj/Air       0%         1d11      100%        5
 Conjure Ball Lightning   Conj/Air       0%         3x3d6     100%        6
 Starburst                Conj/Fire      0%         6d3       100%        6
 Orb of Destruction       Conj           0%         9d5       100%        7
 Ozocubu's Refrigeration  Ice            0%         4d5       100%        7
 Summon Lightning Spire   Summ/Air       Unusable   N/A       N/A         4

Dungeon Overview and Level Annotations

Branches:
Dungeon (12/15)            Temple (1/1) D:4             Orc (0/2) D:10
  Sewer (visited)         Ossuary (visited)
   Lair: D:8-11

Altars:
Cheibriados
Dithmenos
Elyvilon
Hepliaklqana
Kikubaaqudgha
Nemelex Xobeh
Okawaru
Ru
Sif Muna
Uskayaw
Vehumet
Zin
The Shining One

Annotations:
D:8 1 runed translucent door, FuzzyBison's ghost, novice TeSu


Innate Abilities, Weirdness & Mutations

You are too large for most types of armour.
You have claws for hands.
Your natural rate of healing is unusually fast.
You are covered in fur. (AC +1)
You have tough skin. (AC +1)


Message History

You swing at nothing.
Something hits you but does no damage.
You slice something!! Something hits you!
* * * LOW HITPOINT WARNING * * *
Something hits you.
* * * LOW HITPOINT WARNING * * *
You feel much better. You block something's attack.
You swing at nothing.
Something hits you.
You swing at nothing.
Something hits you. x2
You swing at nothing.
Something hits you but does no damage.
You gain the combat prowess of a mighty hero.
Something hits you. Something hits you but does no damage.
You swing at nothing.
Something hits you but does no damage. x2
You miss something.
Something hits you but does no damage. x2
You swing at nothing.
Something hits you. You block something's attack.
Something hits you but does no damage.
You barely miss something. Something hits you.
You swing at nothing.
Something barely misses you.
You hit something. Something hits you!
* * * LOW HITPOINT WARNING * * *
You swing at nothing.
You feel like a meek peon again. Something hits you.
* * * LOW HITPOINT WARNING * * *
You swing at nothing.
Something hits you.
* * * LOW HITPOINT WARNING * * *
Something hits you but does no damage.
You swing at nothing.
Something hits you but does no damage.
You barely miss something. Something hits you.
* * * LOW HITPOINT WARNING * * *
Something hits you.
* * * LOW HITPOINT WARNING * * *
You block something's attack. Something hits you!
* * * LOW HITPOINT WARNING * * *
You closely miss something.
Something hits you but does no damage. x2
Something hits you!
* * * LOW HITPOINT WARNING * * *
You swing at nothing.
Something hits you.
* * * LOW HITPOINT WARNING * * *
Something hits you.
You die...

.........#........#..#
.........[[.......#.##
.........#.........†#
..)......#........###
.........>....##.###
........####..[#...#
.........# ###.###.#
.........# #..##.###
.......>.# ##.@....#
.........# ###....#
.........# #....#
........## #....#
#......## ######
######## ###
..##############
..#............#


There were no monsters in sight!

Vanquished Creatures
  Harold (D:8)
  A two-headed ogre (D:10)
  Pikel (D:5)
  Maurice (D:8)
  A troll (D:11)
  Grinder (D:5)
  A shadow (D:10)
  A wraith (D:10)
  2 wyverns
  A vampire (D:6)
  17 yaks
  2 acid dragons (D:10)
  2 water moccasins
  2 sky beasts
  2 black bears
  3 ice beasts
  An ogre (D:7)
  A necrophage (D:5)
  4 centaurs
  2 phantoms (D:10)
  3 lemures (D:5)
  4 kobold brigands
  Blork the orc (D:5)
  A bullfrog (D:7)
  2 gnoll sergeants
  5 scorpions
  A water moccasin skeleton (D:5)
  5 killer bees (D:8)
  3 wights (D:6)
  3 howler monkeys
  6 centaur zombies
  A bullfrog zombie (D:6)
  2 orc priests (D:5)
  2 hounds
  Jessica (D:2)
  4 orc wizards
  8 ogre zombies (D:10)
  2 hound zombies (D:5)
  8 mummies (Ossuary)
  A hound skeleton (D:4)
  A howler monkey zombie (D:10)
  15 gnolls
  2 river rats (Sewer)
  12 adders
  2 white imps
  An adder skeleton (D:4)
  4 worms
  2 dart slugs (D:1)
  12 orcs
  5 bats
  8 endoplasms
  2 giant cockroaches
  2 gnoll zombies (Ossuary)
  5 goblins (D:1)
  7 hobgoblins
  23 kobolds
  5 quokkas
  10 ball pythons
  5 frilled lizards
  2 goblin skeletons (D:10)
  2 goblin zombies (D:10)
  A hobgoblin skeleton (D:10)
  6 hobgoblin zombies
  4 kobold zombies (Ossuary)
  2 orc skeletons (D:10)
  14 orc zombies
  10 rats
274 creatures vanquished.

Vanquished Creatures (others)
  A human (D:8)
  8 plants
9 creatures vanquished.

Grand Total: 283 creatures vanquished

Notes
Turn   | Place    | Note
-------+----------+-------------------------------------------
     0 | D:1      | GloriousHammer the Troll Hunter began the quest for the
                  | Orb.
     0 | D:1      | Reached XP level 1. HP: 19/19 MP: 0/0
   130 | D:1      | Reached skill level 1 in Unarmed Combat
   161 | D:1      | Reached XP level 2. HP: 27/27 MP: 1/1
   336 | D:1      | Reached skill level 2 in Unarmed Combat
   905 | D:1      | Reached XP level 3. HP: 33/33 MP: 2/2
  1167 | D:2      | Found a hide-covered altar of Uskayaw.
  1168 | D:2      | Noticed Jessica
  1171 | D:2      | Killed Jessica
  1172 | D:2      | Reached skill level 3 in Unarmed Combat
  1172 | D:2      | Reached XP level 4. HP: 39/41 MP: 3/3
  1510 | D:2      | Found a faded altar of an unknown god.
  2044 | D:3      | Noticed a scorpion
  2057 | D:3      | Killed a scorpion
  2058 | D:3      | Reached skill level 4 in Unarmed Combat
  2058 | D:3      | Reached XP level 5. HP: 29/48 MP: 4/4
  2515 | D:4      | Reached XP level 6. HP: 47/55 MP: 5/5
  2694 | D:4      | Reached skill level 5 in Unarmed Combat
  2757 | D:4      | Found a staircase to the Ecumenical Temple.
  2770 | Temple   | Entered the Ecumenical Temple
  2780 | Temple   | Became a worshipper of Warmaster Okawaru
  3294 | D:5      | Entered Level 5 of the Dungeon
  3304 | D:5      | Noticed Grinder
  3310 | D:5      | Reached skill level 5 in Throwing
  3321 | D:5      | Killed Grinder
  3322 | D:5      | Reached skill level 6 in Unarmed Combat
  3322 | D:5      | Reached XP level 7. HP: 37/62 MP: 6/6
  3328 | D:5      | Reached * piety under Okawaru
  3398 | D:5      | Found a sand-covered staircase.
  3405 | Ossuary  | Entered an ossuary
  3829 | D:5      | Noticed Blork the orc
  3840 | D:5      | Killed Blork the orc
  3841 | D:5      | Reached skill level 7 in Unarmed Combat
  3913 | D:5      | Reached XP level 8. HP: 65/70 MP: 7/7
  4217 | D:5      | Reached skill level 8 in Unarmed Combat
  4337 | D:5      | Found a sacrificial altar of Ru.
  4339 | D:5      | Found a hide-covered altar of Uskayaw.
  4365 | D:5      | Noticed Pikel
  4372 | D:5      | Killed Pikel
  4372 | D:5      | Reached ** piety under Okawaru
  4373 | D:5      | Reached skill level 9 in Unarmed Combat
  4866 | D:5      | Reached *** piety under Okawaru
  4867 | D:5      | Reached XP level 9. HP: 62/76 MP: 8/8
  5072 | D:6      | Reached skill level 10 in Unarmed Combat
  5254 | D:6      | Found a radiant altar of Vehumet.
  5487 | D:6      | Found a glowing drain.
  5498 | Sewer    | Entered a sewer
  5538 | Sewer    | Received a gift from Okawaru
  5881 | Sewer    | Reached skill level 11 in Unarmed Combat
  6531 | D:7      | Found a shadowy altar of Dithmenos.
  6685 | D:7      | Reached skill level 12 in Unarmed Combat
  7207 | D:8      | Reached **** piety under Okawaru
  7212 | D:8      | Reached XP level 10. HP: 61/85 MP: 9/9
  7225 | D:8      | Noticed Harold
  7239 | D:8      | Killed Harold
  7240 | D:8      | Reached skill level 13 in Unarmed Combat
  7467 | D:8      | Found a runed translucent door.
  7475 | D:8      | Found a sparkling altar of Nemelex Xobeh.
  7692 | D:8      | Noticed Maurice
  7703 | D:8      | Killed Maurice
  7703 | D:8      | Reached ***** piety under Okawaru
  7747 | D:8      | Found an ancient bone altar of Kikubaaqudgha.
  7939 | D:8      | Noticed FuzzyBison's ghost (novice TeSu)
  7939 | D:8      | Identified the +4 spear "Beastslayer" {vorpal, rElec Int+2}
  8706 | D:9      | Reached skill level 14 in Unarmed Combat
  9357 | D:9      | Found a glowing golden altar of the Shining One.
  9533 | D:10     | Entered Level 10 of the Dungeon
  9608 | D:10     | Noticed a two-headed ogre
  9634 | D:10     | Killed a two-headed ogre
  9661 | D:10     | Reached skill level 15 in Unarmed Combat
  9796 | D:10     | Reached XP level 11. HP: 92/92 MP: 10/10
  9876 | D:10     | Identified the -2 cloak of Honour {Slay+2 Stlth+} (Okawaru
                  | gifted it to you on level 10 of the Dungeon)
  9876 | D:10     | Received a gift from Okawaru
  9952 | D:10     | Found a staircase to the Orcish Mines.
 10280 | D:10     | Reached skill level 1 in Armour
 10296 | D:10     | Reached skill level 1 in Evocations
 10475 | D:10     | Slain by an unseen horror

Illustrated notes

Levels and vault maps discovered:
D:1:      psy_arrival_whirlpool, layout_basic, minmay_misc_feat_rows
D:2:      cheibrodos_helix_gallery, layout_basic, basic_altar,
          chequers_ecumenical_altar_lobes, minmay_pentomino_s4, uniq_jessica
D:3:      layout_basic, nicolae_concentric_dashed_squares_mild
D:4:      layout_basic, minmay_temple_entry_tees
D:5:      cheibrodos_thug_alley, layout_layer_cave,
          mainiacjoe_overflow_catwalk_spiral, nicolae_ossuary_entry_monument,
          uniq_blork_the_orc, uniq_pikel, uniq_grinder
D:6:      layout_basic, old_standard_altar, portal_sewer_entry_d
D:7:      layout_loops_ring, old_standard_altar, serial_glass, glass_columns_a,
          glass_columns_c, glass_columns_a, glass_columns_a
D:8:      layout_loops_ring, tgw_kikubaaqudgha, mainiacjoe_overflow_24_doors,
          serial_aquarium, aquarium_bridge_straight [aquarium_subvault_bridge,
          aquarium_subvault_window, aquarium_subvault_bridge,
          aquarium_subvault_window], aquarium_bridge_square
          [aquarium_subvault_wall, aquarium_subvault_balcony,
          aquarium_subvault_wall, aquarium_subvault_bridge], aquarium_window_1,
          aquarium_window_corner, aquarium_window_corridor_3, aquarium_window_2,
          aquarium_view_2d, aquarium_view_2c, aquarium_pool_four,
          ebering_ghost_funeral_grove, uniq_maurice, uniq_harold
D:9:      layout_grid_maze, tso_oasis_becter
D:10:     layout_rooms, zombieorc2_lemuel
D:11:     layout_rooms, erik_lair_dragon
D:12:     layout_basic, uniq_snorg, uniq_jorgrun
Temple:   eino_wide_crystal_templ

Skill      XL: |  1  2  3  4  5  6  7  8  9 10 11 |
---------------+----------------------------------+-----
Unarmed Combat | 1 2 3 4 6 7 9 12 15 | 15.5
Throwing       | 4 5 6 7 |  7.3
Fighting       | 2 |  2.4
Armour         | 1 |  1.5
Dodging        | 2 |  2.3
Evocations     | 1 |  1.3
Stealth        | |  0.3

Action                   |  1- 3 |  4- 6 |  7- 9 | 10-12 || total
-------------------------+-------+-------+-------+-------++-------
Melee: Unarmed           |    88 |   106 |   362 |   250 ||   806
       Punch             |     2 |     3 |    14 |    20 ||    39
       Battleaxe         |       |       |       |     5 ||     5
 Fire: Hunting sling     |       |       |       |     6 ||     6
Throw: Stone             |    39 |    27 |       |       ||    66
       Large rock        |       |     4 |    27 |     2 ||    33
       Dart              |       |       |       |    17 ||    17
       Throwing net      |       |       |       |     1 ||     1
       Boomerang         |       |       |       |     8 ||     8
Invok: Heroism           |       |       |     1 |     3 ||     4
  Use: Scroll            |       |       |     8 |     2 ||    10
       Potion            |       |       |       |     1 ||     1
 Stab: Sleeping          |     1 |     3 |     2 |     1 ||     7
       Held in net/web   |       |       |       |     1 ||     1
Armor: Robe              |    25 |    24 |    58 |    22 ||   129
       Acid dragon scale |       |       |       |    60 ||    60
Dodge: Dodged            |    43 |    48 |   139 |    63 ||   293
Block: Other             |     5 |    23 |    62 |    45 ||   135
       Reflection        |       |       |     2 |     2 ||     4
